Map: Acid Plant LE

Players

Frontstab

  • Race: Protoss Protoss
  • Spawn Location: 5:00

Future - Winner!

  • Race: Terran Terran
  • Spawn Location: 11:00

Event: WCS Montreal 2018

VOD

Have the link to the VOD?

Description

Time

  • Played on: Sept. 7, 2018, 1:25 p.m.
  • Length: 6:58

All games in this series

Show
View Real Time Build Order
Export as new Build Order

Frontstab Protoss 

Build Orders:  

Get SALT Encoding   

  1  0:00  Probe  
  12  0:05  Probe  
  14  0:18  Pylon  
  14  0:22  Probe  
  15  0:36  Probe  
  15  0:39  Forge  
  16  0:48  Probe  
  17  0:57  Pylon  
  17  1:01  Probe  
  18  1:17  Photon Cannon  
  18  1:18  Gateway  
  18  1:32  Pylon  
  18  1:43  Assimilator  
  19  1:50  Probe  
  19  1:54  Assimilator  
  18  1:57  Assimilator  
  18  1:58  Probe  
  18  2:06  Cybernetics Core  
  18  2:07  Probe  
  20  2:19  Probe  
  20  2:22  Pylon  
  21  2:31  Probe  
  22  2:44  Probe  
  23  2:48  Stargate  
  23  2:50  Photon Cannon  
  23  2:54  Photon Cannon  
  24  3:02  Probe  
  24  3:17  Void Ray  
  24  3:32  Pylon  
  28  3:55  Void Ray, Shield Battery  
  28  3:57  Shield Battery  
  28  3:58  Shield Battery  
  28  4:02  Shield Battery  
  32  4:19  Photon Cannon  
  32  4:21  Photon Cannon  
  32  4:39  Fleet Beacon  
  36  5:14  Tempest  
  36  5:21  Shield Battery  
  38  5:29  Shield Battery  
  38  5:33  Shield Battery  
  34  6:04  Pylon  
  34  6:05  Pylon  
  34  6:07  Tempest  
  30  6:18  Pylon  
  36  6:37  Probe  
Show
View Real Time Build Order
Export as new Build Order

Future Terran - Winner!

Build Orders: 1/1/1, Banshee Rush 

Get SALT Encoding   

  12  0:00  SCV  
  13  0:13  SCV  
  14  0:17  Supply Depot  
  14  0:25  SCV  
  14  0:27  Refinery  
  15  0:38  SCV  
  16  0:45  Barracks  
  16  0:50  SCV  
  17  1:02  SCV  
  18  1:14  SCV  
  19  1:31  Marine  
  20  1:36  Bunker, Factory  
  20  1:41  Supply Depot  
  20  1:49  Marine  
  21  1:55  Supply Depot  
  21  2:00  Orbital Command  
  21  2:10  Marine  
  22  2:16  Refinery  
  22  2:26  Starport  
  23  2:30  SCV  
  23  2:32  Marine  
  23  2:36  Factory Tech Lab  
  23  2:45  SCV  
  23  2:48  Supply Depot  
  24  2:53  Barracks Reactor  
  24  2:57  SCV  
  25  3:08  Banshee  
  25  3:09  Hellion  
  25  3:11  SCV  
  31  3:14  Cloaking Field  
  31  3:19  Supply Depot  
  31  3:23  SCV  
  32  3:29  Marine x2  
  34  3:40  Cyclone  
  38  3:47  Marine x2  
  39  3:52  Banshee  
  42  4:05  Marine x2  
  44  4:12  Cyclone  
  47  4:21  Supply Depot  
  47  4:31  Marine x2  
  47  4:35  Viking  
  51  4:40  Supply Depot  
  51  4:48  Widow Mine  
  51  4:49  Marine  
  54  4:57  Marine  
  52  5:06  Bunker  
  49  5:07  Marine  
  49  5:13  Widow Mine  
  52  5:19  Marine  
  53  5:21  Supply Depot  
  53  5:23  Viking  
  55  5:32  Marine  
  56  5:37  Marine  
  54  5:51  Marine  
  54  5:54  Marine  
  53  6:12  Viking  
  53  6:13  Siege Tank  
  58  6:21  Marine x2  
  60  6:53  Supply Depot  
Tags
 
Add a new tag
Caveats
  • Supply blocks, unpowered buildings, or Contaminate may cause inaccurate times.
  • Supply counts are checked every 10 seconds.